Map: Jagannatha LE

Players

Denver

  • Race: Zerg Zerg

Vanya - Winner!

  • Race: Zerg Zerg

Event: DreamHack SC2 Masters 2021 Fall

VOD

Have the link to the VOD?

Description

Time

  • Played on: Aug. 7, 2021, 11:11 a.m.
  • Length: 7:58

All games in this series

Show
View Real Time Build Order
Export as new Build Order

Denver Zerg 

Build Orders: Hatch First 

Get SALT Encoding   

  12  0:00  Drone  
  13  0:13  Overlord  
  13  0:17  Drone  
  14  0:31  Drone x2  
  16  0:48  Hatchery  
  15  0:52  Drone  
  15  0:56  Drone  
  17  0:59  Drone  
  18  1:09  Extractor  
  17  1:15  Spawning Pool  
  17  1:18  Drone  
  17  1:22  Drone  
  18  1:29  Drone  
  19  2:01  Zergling x8, Queen  
  19  2:02  Queen  
  27  2:12  Zergling x2  
  25  2:32  Drone  
  25  2:37  Overlord  
  25  2:40  Drone  
  26  2:44  Drone  
  26  2:49  Drone  
  28  2:56  Drone x3  
  31  3:00  Overlord  
  31  3:06  Drone  
  32  3:12  Drone  
  32  3:13  Drone x2  
  32  3:14  Drone  
  32  3:15  Drone  
  36  3:21  Drone  
  36  3:22  Drone x2  
  38  3:29  Drone  
  39  3:42  Hatchery, Overlord  
  39  3:46  Drone x2  
  40  3:55  Overlord  
  40  3:57  Metabolic Boost  
  40  3:59  Drone x3  
  40  4:00  Drone  
  40  4:01  Drone  
  45  4:05  Overlord  
  45  4:09  Drone x2  
  47  4:11  Drone  
  47  4:16  Evolution Chamber  
  47  4:17  Queen  
  47  4:22  Overlord  
  49  4:28  Drone  
  49  4:30  Drone x4  
  53  4:35  Extractor  
  53  4:36  Lair, Extractor  
  51  4:42  Zergling x8  
  55  4:50  Roach Warren  
  54  4:53  Zergling x2  
  54  4:54  Zergling x6  
  58  5:00  Zergling x6  
  58  5:06  Overlord  
  61  5:09  Zergling x8  
  61  5:11  Zergling x2  
  66  5:15  Overlord  
  66  5:22  Evolution Chamber  
  66  5:26  Zergling x2  
  66  5:27  Zergling x10  
  66  5:34  Zergling x2  
  66  5:35  Zergling x4, Roach  
  64  5:36  Glial Reconstitution  
  65  5:44  Drone x3  
  65  5:46  Extractor  
  67  5:50  Spire  
  67  5:51  Drone  
  67  5:52  Drone  
  67  6:00  Drone x5  
  72  6:04  Queen  
  72  6:07  Overseer  
  74  6:13  Roach x3  
  82  6:19  Queen  
  82  6:22  Roach x2  
  82  6:24  Overlord  
  85  6:29  Overlord  
  85  6:37  Roach x5  
  95  6:44  Evolution Chamber  
  95  6:45  Evolution Chamber  
  82  6:54  Roach  
  82  6:55  Roach x4  
  89  7:07  Roach x4  
  95  7:13  Roach  
  74  7:17  Roach x2  
  43  7:31  Roach x3  
Show
View Real Time Build Order
Export as new Build Order

Vanya Zerg - Winner!

Build Orders: Pool First 

Get SALT Encoding   

  12  0:17  Spawning Pool  
  11  0:22  Drone  
  11  0:27  Drone  
  13  0:31  Drone  
  14  0:40  Overlord  
  14  1:03  Zergling x4  
  16  1:05  Zergling x2  
  17  1:15  Zergling x2  
  18  1:18  Hatchery  
  17  1:26  Zergling x2  
  18  1:34  Queen  
  18  1:39  Drone  
  21  1:47  Overlord  
  21  1:58  Drone  
  22  2:09  Queen  
  22  2:10  Drone  
  25  2:21  Drone  
  24  2:31  Queen  
  24  2:32  Drone x2  
  27  2:42  Extractor  
  27  2:43  Drone x4  
  30  2:49  Overlord  
  30  2:56  Drone x2  
  32  3:05  Overlord  
  32  3:06  Drone  
  33  3:15  Drone x3  
  35  3:22  Drone, Overlord  
  35  3:23  Drone  
  36  3:31  Drone  
  36  3:32  Drone  
  36  3:33  Evolution Chamber  
  37  3:36  Drone x2  
  39  3:42  Roach Warren  
  39  3:46  Drone x2  
  40  3:50  Metabolic Boost  
  40  3:58  Zergling x8  
  44  4:05  Evolution Chamber, Overlord  
  43  4:10  Zergling x2  
  43  4:11  Zergling x4  
  47  4:18  Evolution Chamber  
  47  4:20  Zergling x8  
  47  4:21  Zerg Melee Weapons Level 1  
  50  4:33  Zergling x10  
  55  4:43  Hatchery  
  54  4:46  Drone x3  
  54  4:50  Overlord  
  57  4:55  Drone x3  
  57  4:56  Extractor  
  59  5:04  Drone  
  60  5:07  Overlord  
  60  5:13  Roach x4  
  68  5:15  Overlord  
  68  5:25  Overlord  
  68  5:27  Roach x3  
  71  5:30  Zergling x4  
  64  5:40  Zergling x10  
  68  5:48  Zergling x4  
  70  5:54  Zergling x2  
  71  5:59  Zergling x4  
  71  6:04  Zergling x2  
  74  6:05  Ravager x3  
  74  6:08  Overlord  
  74  6:10  Zergling x12  
  83  6:20  Zergling x6  
  83  6:24  Ravager  
  83  6:25  Zergling x2  
  88  6:30  Zergling x8  
  92  6:37  Zergling x8  
  96  6:40  Zergling x2  
  96  6:43  Zergling x2  
  98  6:52  Zergling x2  
  98  6:53  Zergling x8  
  102  6:58  Zergling x8  
  102  6:59  Queen  
  102  7:00  Queen  
  95  7:06  Zergling x2  
  95  7:07  Zergling x2  
  78  7:10  Zergling x2  
  71  7:18  Zergling x14  
  69  7:26  Drone x2  
  69  7:29  Drone  
  68  7:33  Drone  
  66  7:40  Drone  
  66  7:41  Drone  
  59  7:45  Drone x2  

Tags
 
Add a new tag
Caveats
  • Supply blocks, unpowered buildings, or Contaminate may cause inaccurate times.
  • Supply counts are checked every 10 seconds.